 Dungeon Crawl Stone Soup version 0.19.5 (webtiles) character file.

345 Haldmier the Slasher (level 6, -19/39 HPs)
             Began as a High Elf Skald on Apr 9, 2017.
             Was an Initiate of Ashenzari.
             Killed from afar by snowfan's ghost (25 damage)
             ... with a spray of energy
             ... on level 4 of the Dungeon on Apr 10, 2017.
             The game lasted 00:15:37 (4360 turns).

Haldmier the Slasher (High Elf Skald)               Turns: 4360, Time: 00:15:38

Health: -19/39     AC: 12    Str: 13    XL:     6   Next: 32%
Magic:  10/10      EV:  7    Int: 16    God:    Ashenzari [......]
Gold:   147        SH:  9    Dex: 15    Spells: 3 memorised, 3 levels left

rFire  + . .     SeeInvis .     a - +0 falchion
rCold  . . .     Gourm    .     t - +2 scale mail {rF+}
rNeg   . . .     Faith    .     l - +0 shield (curse)
rPois  +         Spirit   .     m - +0 helmet (curse)
rElec  .         Reflect  .     h - +2 cloak
rCorr  .         Harm     .     (no gloves)
MR     .....                    (no boots)
Stlth  ..........               (no amulet)
                                (no ring)
                                v - ring of poison resistance

@: no status effects
A: no striking features
a: Curse Item, Renounce Religion


You were on level 4 of the Dungeon.
You worshipped Ashenzari.
Ashenzari was noncommittal.
You were not hungry.

You visited 1 branch of the dungeon, and saw 4 of its levels.
You also visited: Sewer.

You collected 147 gold pieces.

Inventory:

Hand Weapons
 a - a +0 falchion (weapon)
 A - a +2 whip of draining
Missiles
 e - 128 stones (quivered)
 B - 5 tomahawks
Armour
 b - a +0 leather armour
 g - a +0 ring mail
 h - a +2 cloak (worn)
 l - a cursed +0 shield (worn)
 m - a cursed +0 helmet (worn)
 t - a +2 scale mail of fire resistance (worn)
Jewellery
 v - a ring of poison resistance (left hand)
 y - an uncursed ring of fire
Wands
 z - a wand of flame (31/48)
 D - a wand of flame (7/48)
 E - a wand of polymorph (10/24)
Scrolls
 k - a scroll of random uselessness {unknown}
 p - 2 scrolls of remove curse
 r - a scroll of immolation {unknown}
 u - a scroll of amnesia {unknown}
 x - a scroll of magic mapping
 C - 2 scrolls of identify
Potions
 i - a potion of cure mutation {unknown}
 j - 3 potions of cancellation
 n - a potion of haste {unknown}
 o - a potion of might {unknown}
Books
 c - a book of Battle

   Spells                             Type                      Level
   a - Infusion                       Charms                       1
   b - Shroud of Golubria             Charms/Translocation         2
   c - Song of Slaying                Charms                       2
   d - Spectral Weapon                Hexes/Charms                 3
   e - Regeneration                   Charms/Necromancy            3
Comestibles
 d - a bread ration
 f - a fruit
 q - a beef jerky
 s - a royal jelly
 w - 2 meat rations
 F - 4 chunks of flesh


   Skills:
 - Level 2.0 Fighting
 + Level 5.5 Long Blades
 - Level 0.8 Armour
 - Level 1.1 Dodging
 * Level 3.7 Shields
 - Level 2.4 Spellcasting
 - Level 1.7 Hexes
 - Level 3.6 Charms
 - Level 0.9 Translocations


You had 3 spell levels left.
You knew the following spells:

 Your Spells              Type           Power        Failure   Level  Hunger
a - Infusion              Chrm           ##..         89%         1    #......
b - Shroud of Golubria    Chrm/Tloc      #.........   100%        2    ###....
c - Spectral Weapon       Hex/Chrm       ##......     100%        3    ###....


Dungeon Overview and Level Annotations

Branches:
Dungeon (4/15)
 Temple: D:4-7

Altars:
Ashenzari
Dithmenos
Nemelex Xobeh
Trog
Yredelemnul

Shops:
D:4 [

Annotations:
D:3 Grinder
D:4 snowfan's ghost, amateur DECj


Message History

You bump into the rock wall.
Snowfan's ghost casts a spell at you. The spray of energy hits you!
You take 18 damage, and have 14/39 hp.
MASSIVE DAMAGE!!
Snowfan's ghost barely misses you.
You feel less confused. You block snowfan's ghost's attack.
Snowfan's ghost casts a spell at you. The spray of energy hits you!
Snowfan's ghost gestures at you while chanting.
The spray of energy misses you.
Snowfan's ghost gestures at you while chanting.
The spray of energy hits you!
* * * LOW HITPOINT WARNING * * *
You take 10 damage, and have 5/39 hp.
MASSIVE DAMAGE!!
You see here an uncursed scale mail.
Snowfan's ghost casts a spell at you. The spray of energy hits you!
Ouch! That really hurt!
You die...

,***,,,,,,,*###..########.#....##
,* **,***#.###.....######.......#
,* *,* #.............####....##
,* *,* #..##.....###W# ###..# ,*
*,***#.,*#.....# #.# ##.#
,****,,,,.,,.......# #[# ##.##
,,,,,,,,,.).####.#####.## ##.#.#
,*****,,,............W..# ##.###.
,* *,***#.####@#####..# #.## ##
,* *,* *,* #.# #..# #..###.
,*****,* *,* #.# #..###.#.#.#
,,,,,,,** *,* #.# #∩...>.##.##
,,,,,,,,***,* #.# #..######.#
*****,*,,,,,* #.# ##.# #.#
*****,,,*#######.# #.######.#
,,,,,,,,,.......<# #........#
*********######### ##########


You could see snowfan's ghost.

Vanquished Creatures
  Blork the orc (D:4)
  An orc wizard (D:3)
  Terence (D:2)
  A hound zombie (D:4)
  5 gnolls
  5 adders
  A river rat (Sewer)
  3 oozes
  A worm (D:4)
  A dart slug (D:3)
  3 leopard geckos
  8 orcs
  5 ball pythons
  5 bats
  5 giant cockroaches
  10 hobgoblins
  3 jackals (D:4)
  4 kobolds (D:1)
  3 quokkas
  6 frilled lizards
  3 goblins
  13 rats
88 creatures vanquished.

Notes
Turn   | Place    | Note
-------+----------+-------------------------------------------
     0 | D:1      | Haldmier the High Elf Skald began the quest for the Orb.
     0 | D:1      | Reached XP level 1. HP: 14/14 MP: 4/4
   257 | D:1      | Reached skill level 3 in Long Blades
   328 | D:1      | Reached XP level 2. HP: 13/19 MP: 1/6
   632 | D:1      | Reached skill level 4 in Long Blades
   639 | D:1      | Learned a level 2 spell: Shroud of Golubria
  1376 | D:2      | Reached XP level 3. HP: 24/24 MP: 2/7
  1381 | D:2      | Learned a level 3 spell: Spectral Weapon
  1490 | D:1      | Reached skill level 1 in Hexes
  1916 | D:2      | Noticed Terence
  1958 | D:2      | Killed Terence
  1958 | D:2      | Reached skill level 1 in Shields
  1958 | D:2      | Reached XP level 4. HP: 28/29 MP: 3/8
  2002 | D:2      | Found a basalt altar of Yredelemnul.
  2004 | D:2      | Found a shattered altar of Ashenzari.
  2008 | D:2      | Became a worshipper of Ashenzari the Shackled
  2332 | D:2      | Found a bloodstained altar of Trog.
  2647 | D:2      | Reached XP level 5. HP: 17/34 MP: 9/9
  2926 | D:3      | Noticed Grinder
  2969 | D:2      | Found a sparkling altar of Nemelex Xobeh.
  3144 | D:4      | Found Oxkecoph's Armour Shoppe.
  3284 | D:4      | Reached skill level 5 in Long Blades
  3328 | D:4      | Found a glowing drain.
  3333 | Sewer    | Entered a sewer
  3333 | Sewer    | Noticed WarriorsX's ghost (amateur HuFi)
  3597 | D:4      | Noticed snowfan's ghost (amateur DECj)
  3811 | D:3      | Found a shadowy altar of Dithmenos.
  3975 | D:3      | Reached XP level 6. HP: 22/39 MP: 10/10
  4159 | D:4      | Noticed Blork the orc
  4192 | D:4      | Killed Blork the orc
  4360 | D:4      | Killed from afar by snowfan's ghost

Skill      XL: |  1  2  3  4  5 |
---------------+----------------+-----
Long Blades    | 3 4 5 |  5.5
Hexes          | 1 |  1.7
Shields        | 1 2 3 |  3.7
Fighting       | |  2.0
Armour         | |  0.8
Dodging        | |  1.1
Spellcasting   | |  2.4
Charms         | |  3.6
Translocations | |  0.9

Action                   |  1- 3 |  4- 6 || total
-------------------------+-------+-------++-------
Melee: Falchion          |   100 |   267 ||   367
       Unarmed           |       |     9 ||     9
Throw: Stone             |     1 |       ||     1
 Cast: Infusion          |    19 |     3 ||    22
       Shroud of Golubri |     4 |     2 ||     6
       Spectral Weapon   |     1 |       ||     1
Invok: Curse Item        |       |     1 ||     1
  Use: Scroll            |       |     2 ||     2
       Potion            |       |     1 ||     1
 Stab: Sleeping          |     1 |       ||     1
  Eat: Chunk             |     4 |     8 ||    12
Armor: Leather armour    |    28 |     5 ||    33
       Scale mail        |       |   146 ||   146
       Skin              |       |     3 ||     3
Dodge: Dodged            |    48 |    65 ||   113
Block: Shield            |     4 |    95 ||    99
       Rpst.: Falchion   |    14 |    18 ||    32
